 Seeded DCSS version 0.28-a0-612-gcfc00ec14d (webtiles) character file.

Game seed: 20211006 (custom seed)

459 a11behringer the Cleaver (level 6, 0/56 HPs)
             Began as a Minotaur Berserker on Oct 6, 2021.
             Was a Believer of Trog.
             Slain by a black bear (2 damage)
             ... on level 4 of the Dungeon.
             The game lasted 00:13:30 (3514 turns).

a11behringer the Cleaver (Minotaur Berserker)       Turns: 3514, Time: 00:13:31

Health: 0/56       AC:  2    Str: 22    XL:     6   Next: 78%
Magic:  5/5        EV: 12    Int:  4    God:    Trog [**....]
Gold:   135        SH:  0    Dex: 11    Spells: 5/5 levels left

rFire   . . .      SeeInvis .   a - +0 hand axe
rCold   . . .      Faith    .   (no shield)
rNeg    . . .      Spirit   .   b - +0 animal skin
rPois   .          Reflect  .   (helmet restricted)
rElec   .          Harm     .   (no cloak)
rCorr   .          Rampage  .   (no gloves)
Will    ++...      Clarity  +   (no boots)
Stlth   +.........              (no amulet)
HPRegen 1.18/turn               (no ring)
MPRegen 0.09/turn               (no ring)

@: strong-willed, regenerating, hasted, very quick
A: horns 2, retaliatory headbutt, clarity, robust 1
a: Renounce Religion, Berserk, Trog's Hand


You were on level 4 of the Dungeon.
You worshipped Trog.
Trog was pleased with you.
You visited 1 branch of the dungeon, and saw 4 of its levels.

You collected 135 gold pieces.

Inventory:

Hand Weapons
 a - a +0 hand axe (weapon)
 l - a +0 war axe
 m - a +0 hunting sling
Missiles
 c - 12 poisoned darts (quivered)
 e - 3 curare-tipped darts
 h - 6 bolts
 w - 5 javelins
Armour
 b - a +0 animal skin (worn)
 i - a +0 scale mail
Wands
 r - a wand of charming (4)
 u - a wand of flame (11)
Scrolls
 f - 2 scrolls of enchant weapon {unknown}
 j - a scroll of amnesia {unknown}
 n - a scroll of brand weapon {unknown}
 s - a scroll of enchant armour {unknown}
 t - a scroll of immolation {unknown}
Potions
 g - 2 potions of degeneration
 k - 2 potions of lignification
 o - 2 potions of resistance
 p - a potion of invisibility {unknown}
 q - a potion of brilliance {unknown}


   Skills:
 - Level 3.6 Fighting
 * Level 9.3 Axes
 - Level 0.2 Throwing
 - Level 2.4 Armour
 - Level 2.1 Dodging


You had 5 spell levels left.
You didn't know any spells.
Your spell library was empty.

Dungeon Overview and Level Annotations

Branches:
Dungeon (4/15)
 Temple: D:4-7

Altars:

Shops:
D:1 (


Innate Abilities, Weirdness & Mutations

You have a pair of horns on your head.
You reflexively headbutt those who attack you in melee.
You possess an exceptional clarity of mind.
You are robust. (+10% HP)


Message History

The black bear is moderately wounded.
The black bear bites you. The black bear claws you. x2
You slash the black bear! Your headbutt misses the black bear.
The black bear is severely wounded.
The black bear bites you. The black bear claws you.
The black bear claws you but does no damage.
You hit the black bear.
The black bear is severely wounded.
The black bear bites you.
The black bear claws you but does no damage. x2
You barely miss the black bear.
The black bear is severely wounded.
The black bear goes berserk!
You hit the black bear.
The black bear is severely wounded.
The black bear bites you. The black bear barely misses you.
The black bear claws you.
You closely miss the black bear.
The black bear is severely wounded.
The black bear bites you!
* * * LOW HITPOINT WARNING * * *
The black bear barely misses you. x2
Your skin crawls.
You feel strong-willed. The black bear closely misses you.
The black bear barely misses you. The black bear closely misses you.
The black bear bites you.
* * * LOW HITPOINT WARNING * * *
The black bear claws you.
* * * LOW HITPOINT WARNING * * *
The black bear closely misses you.
It was a potion of magic.
Magic courses through your body. The black bear barely misses you.
You furiously retaliate!
You headbutt the black bear!
You kill the black bear!
Trog accepts your kill.
Your Axes skill increases to level 9!
You feel yourself speed up. The black bear bites you.
* * * LOW HITPOINT WARNING * * *
The black bear claws you.
You die...

#. ..# .###..# ......##
##...h..## #..h...... #..#
############.# #..#
...<.........########..## #...
.......<.>..###.@h......##...#
....#######.#
#.##............### .......#
#.# #.....###.....##..
(...##.# #.# #.#...# #...##.#
...###.## #.# #.##..## ##..#.#
รท.......###.# #.##)..###....#
#.##.....##.###.......#.....#
#...........##......)...).#.#
####.....##..)..####.....## ..


You could see a black bear.

Vanquished Creatures
  Duvessa (D:4)
  A water moccasin (D:4)
  A black bear (D:4)
  Dowan (D:4)
  Terence (D:3)
  A gnoll (D:3)
  A worm (D:2)
  2 dart slugs
  5 orcs
  3 ball pythons
  3 endoplasms
  2 giant cockroaches
  7 hobgoblins
  16 jackals
  A quokka (D:1)
  7 bats
  6 goblins
  2 kobolds
  5 rats
66 creatures vanquished.

Vanquished Creatures (others)
  6 plants
6 creatures vanquished.

Grand Total: 72 creatures vanquished

Notes
Turn   | Place    | Note
-------+----------+-------------------------------------------
     0 | D:1      | a11behringer the Minotaur Berserker began the quest for the
                  | Orb.
     0 | D:1      | Reached XP level 1. HP: 19/19 MP: 0/0
    31 | D:1      | Reached skill level 4 in Axes
   130 | D:1      | Reached XP level 2. HP: 18/26 MP: 1/1
   357 | D:1      | Found Asisoshru's Antique Weapon Shoppe.
   603 | D:1      | Gained mutation: You possess an exceptional clarity of
                  | mind. [potion of mutation]
   603 | D:1      | Gained mutation: You are robust. (+10% HP) [potion of
                  | mutation]
   772 | D:2      | Reached skill level 5 in Axes
  1151 | D:2      | Reached XP level 3. HP: 34/34 MP: 2/2
  1155 | D:2      | Reached ** piety under Trog
  2292 | D:3      | Noticed Terence
  2297 | D:3      | Found a faded altar of an unknown god.
  2301 | D:3      | Killed Terence
  2302 | D:3      | Reached skill level 6 in Axes
  2302 | D:3      | Reached XP level 4. HP: 40/42 MP: 3/3
  2822 | D:4      | Noticed a water moccasin
  2835 | D:4      | Killed a water moccasin
  2836 | D:4      | Reached skill level 7 in Axes
  2836 | D:4      | Reached XP level 5. HP: 24/49 MP: 4/4
  3095 | D:4      | Noticed Duvessa
  3111 | D:4      | Noticed Dowan
  3113 | D:4      | Killed Duvessa
  3114 | D:4      | Reached skill level 8 in Axes
  3114 | D:4      | Reached XP level 6. HP: 56/56 MP: 5/5
  3122 | D:4      | Killed Dowan
  3514 | D:4      | Reached skill level 9 in Axes
  3514 | D:4      | HP: 2/56 [black bear (6)]
  3514 | D:4      | Slain by a black bear

Illustrated notes

Levels and vault maps discovered:
D:1:      minmay_arrival_glassed_features, layout_basic, serial_shops,
          shop_fountains, serial_bayou_lagoon_b
D:2:      layout_basic, kennysheep_generic_room_13
D:3:      lemuel_castle_with_subvaults [lemuel_castle_interior_carwin_3],
          layout_basic, shapermc_ecumenical_altar_notcrosses, uniq_jessica,
          uniq_terence
D:4:      layout_loops_ring, minmay_temple_entry_overgrown,
          hangedman_decor_growths, uniq_menkaure, uniq_duvessa

Skill      XL: |  1  2  3  4  5  6 |
---------------+-------------------+-----
Axes           | 4 5 6 7 8 9 |  9.3
Fighting       | |  3.6
Throwing       | |  0.2
Armour         | |  2.4
Dodging        | |  2.1

Action                   |  1- 3 |  4- 6 || total
-------------------------+-------+-------++-------
Melee: Hand axe          |    71 |    65 ||   136
       Headbutt          |    10 |    12 ||    22
Throw: Dart              |       |     2 ||     2
Invok: Trog's Hand       |     2 |     3 ||     5
       Berserk           |     2 |     2 ||     4
  Use: Scroll            |     5 |       ||     5
       Potion            |     1 |     2 ||     3
Armor: Animal skin       |    15 |     9 ||    24
Dodge: Dodged            |    51 |    46 ||    97

Table legend: (Time is in decaauts)
 A = Elapsed time spent in this place.
 B = Non-inter-level travel time spent in this place.
 C = Inter-level travel time spent in this place.
 D = Time resting spent in this place.
 E = Time spent auto-exploring this place.
 F = Levels seen in this place.
 G = Mean time per level.
                   A        B        C        D        E       F      G
               +--------+--------+--------+--------+--------+-----+--------+
         Total |   3567 |   3036 |    531 |      0 |   2579 |   4 |  891.8 |
       Dungeon |   3567 |   3036 |    531 |      0 |   2579 |   4 |  891.8 |
               +--------+--------+--------+--------+--------+-----+--------+

Top non-repeatable levels by time:
     D:2: 1372 daAuts
     D:1: 775 daAuts
     D:4: 724 daAuts
     D:3: 695 daAuts
